 Dungeon Crawl Stone Soup version 0.28.0-49-g6dfe1f597d (webtiles) character file.

Game seed: 12381485828411653943

171 Peloso the Covered (level 5, 0/47 HPs)
             Began as a Minotaur Fighter on May 14, 2022.
             Slain by Edmund
             ... wielding a +2 dire flail of venom
              (3 damage)
             ... on level 4 of the Dungeon.
             The game lasted 00:05:08 (2802 turns).

Peloso the Covered (Minotaur Fighter)               Turns: 2802, Time: 00:05:10

Health: 0/47       AC:  8    Str: 20    XL:     5   Next: 26%
Magic:  4/4        EV:  9    Int:  5    God:
Gold:   121        SH:  5    Dex: 12    Spells: 4/4 levels left

rFire   . . .      SeeInvis .   a - +0 long sword
rCold   . . .      Faith    .   c - +0 buckler
rNeg    . . .      Spirit   .   g - +0 scale mail
rPois   .          Reflect  .   (helmet restricted)
rElec   .          Harm     .   (no cloak)
rCorr   .          Rampage  .   n - +0 pair of gloves
Will    .....                   (no boots)
Stlth   ..........              (no amulet)
HPRegen 0.15/turn               (no ring)
MPRegen 0.09/turn               (no ring)

@: mighty, lethally poisoned (0 -> -6)
A: horns 2, retaliatory headbutt
a: no special abilities


You were on level 4 of the Dungeon.
You visited 1 branch of the dungeon, and saw 4 of its levels.

You collected 121 gold pieces.

Inventory:

Hand Weapons
 a - a +0 long sword (weapon)
 b - a +3 short sword of flaming
Armour
 c - a +0 buckler (worn)
 g - a +0 scale mail (worn)
 n - a +0 pair of gloves (worn)
Jewellery
 l - an amulet of faith
 o - an amulet of guardian spirit
Wands
 m - a wand of polymorph (10)
Scrolls
 e - a scroll of immolation {unknown}
 i - a scroll of fear {unknown}
 j - a scroll of teleportation
 r - 2 scrolls of identify
 s - a scroll of holy word {unknown}
Potions
 d - a potion of might
 h - a potion of cancellation
 k - a potion of haste
 p - a potion of lignification {unknown}
 q - a potion of ambrosia {unknown}


   Skills:
 + Level 4.6 Fighting
 + Level 4.5 Long Blades
 + Level 4.7 Armour
 + Level 0.8 Dodging
 + Level 4.1 Shields


You had 4 spell levels left.
You didn't know any spells.
Your spell library contained the following spells:

 Spells                   Type           Power      Damage    Failure   Level
 Pain                     Necr           0%         1d4       88%         1
 Sublimation of Blood     Necr           0%         N/A       96%         2
 Wereblood                Tmut           0%         N/A       96%         2
 Agony                    Necr           0%         N/A       100%        5
 Excruciating Wounds      Necr           0%         N/A       100%        5
 Summon Hydra             Summ           0%         N/A       100%        7


Dungeon Overview and Level Annotations

Branches:
Dungeon (4/15)
 Temple: D:4-7

Altars:

Shops:
D:4 (

Annotations:
D:4 Edmund, Sigmund


Innate Abilities, Weirdness & Mutations

You have a pair of horns on your head.
You reflexively headbutt those who attack you in melee.


Message History

You feel very sick. The adder bites you but does no damage.
Edmund barely misses you. You block the adder's attack.
You slice Edmund!!
Edmund is heavily wounded.
You feel very sick. Something hits you. The adder bites you.
You are more poisoned.
The adder poisons you! You block Edmund's attack.
You closely miss Edmund.
Edmund is heavily wounded.
You feel very sick. The adder bites you but does no damage.
Edmund hits you with a +2 dire flail of venom!
* * * LOW HITPOINT WARNING * * *
You are lethally poisoned!
Something hits you!
* * * LOW HITPOINT WARNING * * *
The adder barely misses you. You furiously retaliate!
You headbutt the adder!
You kill the adder!
You feel better.
Edmund says, "People think my brother is the best.
I think he's crazy."
Edmund hits you with a +2 dire flail of venom.
* * * LOW HITPOINT WARNING * * *
You are lethally poisoned!
Something hits you but does no damage.
Unknown command.
You barely miss Edmund.
Edmund is heavily wounded.
* * * LOW HITPOINT WARNING * * *
You feel very sick.
Edmund drinks a potion.
Edmund is healed!
Edmund barely misses you. You furiously retaliate!
You headbutt Edmund! You barely miss Edmund. Your headbutt misses Edmund.
Edmund is moderately wounded.
* * * LOW HITPOINT WARNING * * *
You feel sick. Something hits you.
* * * LOW HITPOINT WARNING * * *
Edmund hits you with a +2 dire flail of venom.
You die...

# #. # .# # # #S# #.# #
##### #.# #.# #..:###.#
#.# ## #.......# #.# ..
# #...# #.# #.# #.
.#.##.##...###.# #.# ##.
......@@.......###.###..
.#>#####...#.#.......(..
##.##.#.###.###.†
#..............#
..##.#########..
#####... ...... ####
######


You could see Edmund.

Vanquished Creatures
  Jessica (D:3)
  6 adders
  An adder skeleton (D:2)
  A worm (D:4)
  A dart slug (D:3)
  7 orcs (D:3)
  4 endoplasms
  4 giant cockroaches
  8 goblins
  5 hobgoblins
  2 jackals
  6 kobolds
  3 quokkas
  5 ball pythons
  9 bats
  4 frilled lizards
  9 rats
76 creatures vanquished.

Notes
Turn   | Place    | Note
-------+----------+-------------------------------------------
     0 | D:1      | Peloso the Minotaur Fighter began the quest for the Orb.
     0 | D:1      | Reached XP level 1. HP: 19/19 MP: 0/0
   318 | D:1      | Reached XP level 2. HP: 26/27 MP: 1/1
  1194 | D:1      | Found a faded altar of an unknown god.
  1337 | D:2      | Reached XP level 3. HP: 33/33 MP: 2/2
  1855 | D:2      | Reached XP level 4. HP: 37/41 MP: 3/3
  2062 | D:3      | Noticed Jessica
  2068 | D:3      | Killed Jessica
  2353 | D:3      | Reached XP level 5. HP: 42/47 MP: 4/4
  2722 | D:4      | Found Gumm's Antique Weapon Emporium.
  2724 | D:4      | Identified the +1 robe "Eddokkeed" {rN+ Int-4 Slay+5}
  2792 | D:4      | Noticed Edmund
  2793 | D:4      | Noticed Sigmund
  2802 | D:4      | Slain by Edmund

Illustrated notes

Levels and vault maps discovered:
D:1:      roderic_octagonal_star, layout_basic, ebering_ecumenical_altar_mist,
          minmay_pentomino_q2
D:2:      minmay_chambers_of_twos, layout_loops_ring
D:3:      layout_rooms, minmay_circle_x, uniq_jessica
D:4:      layout_loops_ring, portal_sewer_entry_d, serial_shops,
          nicolae_shop_hallway_stairs, uniq_sigmund, uniq_edmund

Skill      XL: |  1  2  3  4 |
---------------+-------------+-----
Fighting       | 4 |  4.6
Armour         | 4 |  4.7
Long Blades    | 3 4 |  4.5
Shields        | 4 |  4.1
Dodging        | |  0.8

Action                   |  1- 3 |  4- 6 || total
-------------------------+-------+-------++-------
Melee: Long sword        |    96 |    82 ||   178
       Headbutt          |     8 |     9 ||    17
  Use: Scroll            |     3 |     2 ||     5
       Potion            |     1 |     2 ||     3
Armor: Scale mail        |    50 |    45 ||    95
Dodge: Dodged            |    49 |    25 ||    74
Block: Buckler           |    20 |    18 ||    38
